 Dungeon Crawl Stone Soup version 0.18-a0-1797-gc18daef (webtiles) character file.

644 4thArraOfDagon the Slasher (level 7, -9/40 (42) HPs)
             Began as a Deep Elf Berserker on Apr 22, 2016.
             Was a Follower of Trog.
             Mangled by a manticore (14 damage)
             ... on level 9 of the Dungeon.
             The game lasted 00:09:05 (1793 turns).

4thArraOfDagon the Slasher (Deep Elf Berserker)     Turns: 1793, Time: 00:09:05

HP:   -9/40 (42)    AC: 16    Str: 15    XL:     7   Next: 27%
MP:   8/8           EV:  6    Int: 12    God:    Trog [*.....]
Gold: 98            SH:  0    Dex: 15    Spells: 0 memorised, 6 levels left

rFire  . . .     SeeInvis .     t - +0 long sword
rCold  . . .     Gourm    .     d - +0 plate armour
rNeg   . . .     Faith    .     (no shield)
rPois  .         Spirit   .     (no helmet)
rElec  .         Dismiss  .     (no cloak)
rCorr  .         Reflect  .     g - +0 pair of gloves
SustAt +         Harm     .     (no boots)
MR     .....                    (no amulet)
Stlth  ..........               k - ring of stealth
                                f - ring of sustain attributes

@: exhausted, about to teleport, slowed, very slow, not resistant to hostile
enchantments, extremely unstealthy
A: talons 1, iridescent scales 1, low mp 1
a: Berserk, Burn Spellbooks, Renounce Religion


You were on level 9 of the Dungeon.
You worshipped Trog.
Trog was aware of your devotion.
You were hungry.

You visited 1 branch of the dungeon, and saw 9 of its levels.

You collected 124 gold pieces.
You spent 26 gold pieces at shops.

Inventory:

Hand Weapons
 t - a +0 long sword (weapon)
Missiles
 q - a throwing net (quivered)
Armour
 d - a +0 plate armour (worn)
 g - a +0 pair of gloves (worn)
Jewellery
 f - a ring of sustain attributes (left hand)
 k - a ring of stealth (right hand)
Wands
 a - a wand of flame (26/48)
Scrolls
 b - 2 scrolls of fog {unknown}
 e - a scroll of teleportation
 j - 2 scrolls of remove curse {unknown}
 l - 5 scrolls of identify
 n - a scroll of amnesia {unknown}
 v - 2 scrolls of random uselessness {unknown}
 w - a scroll of blinking {unknown}
Potions
 m - a potion of curing
 r - a potion of agility
 s - a potion of lignification
Books
 o - a book of Transfigurations

   Spells                             Type                      Level
   a - Irradiate                      Conjuration/Transmutation    5
   b - Statue Form                    Transmutation/Earth          6
   c - Hydra Form                     Transmutation                6
   d - Dragon Form                    Transmutation                7
   Trog disapproves of the use of such an item.
 u - a book of the Sky

   Spells                             Type                      Level
   a - Summon Lightning Spire         Summoning/Air                4
   b - Airstrike                      Air                          4
   c - Silence                        Hexes/Air                    5
   d - Deflect Missiles               Charms/Air                   6
   e - Conjure Ball Lightning         Conjuration/Air              6
   f - Tornado                        Air                          9
   Trog disapproves of the use of such an item.
Comestibles
 c - a bread ration
 h - 4 chunks of flesh
 i - a meat ration


   Skills:
 + Level 3.8 Fighting
 * Level 5.4 Long Blades
 + Level 3.1 Armour
 + Level 4.7 Dodging


You had 6 spell levels left.
You didn't know any spells.

Dungeon Overview and Level Annotations

Branches:
Dungeon (9/15)             Temple (0/1) D:4            Lair (0/8) D:8
    Orc: D:9-12

Altars:
Vehumet

Shops:
D:8 *

Annotations:
D:8 JetFlynn's ghost, novice OgHu


Innate Abilities, Weirdness & Mutations

You have sharp toenails.
You are partially covered in iridescent scales (AC +4).
Your magical capacity is low (-10% MP).


Message History

Unknown command.
Read which item? (? for menu, Esc to quit)
Okay, then.
Evoke which item? (* to show all) (? for menu, Esc to quit)
Okay, then.
Drink which item? (? for menu, Esc to quit)
It was a potion of mutation.
You feel extremely strange.
Iridescent scales grow over part of your body.
You feel less energetic.
Your toenails lengthen and sharpen.
The manticore flicks its tail.
The volley of spikes misses you.
A jackal comes into view.
The jackal barks!
Unknown command.
Unknown command.
Read which item? (? for menu, Esc to quit)
As you read the scroll labeled CYFEOPN UNORU, it crumbles to dust.
You feel strangely unstable.
It was a scroll of teleportation.
The jackal barely misses you. The manticore bites you!
You die...

...# ...# #### ....#
.#.#.# ..... #.#.#.# ....
##..... .#.#.#.#
#...........# #.#.#.#.#.#
#........#
.#.#.#.#@####.#.....)#
#.#.#.#h#H...........# .#
#.#.#.#.#.###.......# ##.#
#.#.#.#..###.......# #.#.#
#.#.#.###.........#
##.#.#.#.#.#.##)##......#
##.#.#.#.#.#H###.#####<###
..#.#.#.#.#.#.#..# #..#
........###.....######..#


You could see a manticore and a jackal.

Vanquished Creatures
  A steam dragon (D:9)
  An ice beast (D:9)
  A necrophage (D:9)
  A centaur (D:8)
  A crimson imp (D:6)
  A giant frog skeleton (D:6)
  2 iguanas (D:9)
  A worker ant (D:6)
  Terence (D:3)
  A worker ant zombie (D:9)
  4 adders
  2 adder skeletons (D:8)
  A worm (D:3)
  A giant gecko (D:6)
  6 orcs
  A bat (D:3)
  A giant cockroach (D:6)
  5 goblins
  2 hobgoblins
  4 jackals
  2 kobolds
  2 quokkas (D:5)
  A ball python (D:5)
  A giant newt (D:3)
  A quokka zombie (D:8)
  2 rats (D:3)
47 creatures vanquished.

Vanquished Creatures (others)
  An adder (D:3)
  A kobold (D:3)
  A plant (D:8)
3 creatures vanquished.

Grand Total: 50 creatures vanquished

Notes
Turn   | Place    | Note
--------------------------------------------------------------
     0 | D:1      | 4thArraOfDagon the Deep Elf Berserker began the quest for the Orb.
     0 | D:1      | Reached XP level 1. HP: 13/13 MP: 3/3
    67 | D:2      | Reached skill level 3 in Long Blades
    67 | D:2      | Reached XP level 2. HP: 18/18 MP: 4/4
   159 | D:3      | Noticed Terence
   171 | D:3      | Killed Terence
   171 | D:3      | Reached XP level 3. HP: 22/22 MP: 5/5
   530 | D:4      | Found a staircase to the Ecumenical Temple.
   543 | D:4      | Reached XP level 4. HP: 27/27 MP: 6/6
   602 | D:3      | Reached ** piety under Trog
   657 | D:5      | Entered Level 5 of the Dungeon
   878 | D:6      | Reached skill level 4 in Long Blades
   878 | D:6      | Reached XP level 5. HP: 32/32 MP: 7/7
  1027 | D:8      | Found Atiyfocy's General Store.
  1029 | D:8      | Bought a scroll of identify for 26 gold pieces
  1055 | D:8      | Noticed a centaur
  1065 | D:8      | Killed a centaur
  1078 | D:8      | Reached XP level 6. HP: 34/37 MP: 8/8
  1158 | D:8      | Noticed JetFlynn's ghost (novice OgHu)
  1301 | D:8      | Found a radiant altar of Vehumet.
  1360 | D:8      | Noticed a hungry ghost
  1369 | D:8      | Found a staircase to the Lair.
  1369 | D:8      | Noticed a komodo dragon
  1673 | D:9      | LAG
  1675 | D:9      | Noticed a steam dragon
  1685 | D:9      | Killed a steam dragon
  1685 | D:9      | Reached skill level 5 in Long Blades
  1694 | D:9      | Noticed an ice beast
  1718 | D:9      | Reached XP level 7. HP: 31/39 MP: 9/9
  1772 | D:9      | Noticed a manticore
  1791 | D:9      | Gained mutation: You are partially covered in iridescent scales (AC +4). [potion of mutation]
  1791 | D:9      | Gained mutation: Your magical capacity is low (-10% MP). [potion of mutation]
  1791 | D:9      | Gained mutation: You have sharp toenails. [potion of mutation]
  1793 | D:9      | Mangled by a manticore

Vault maps used:
D:1:      dpeg_arrival_central
D:2:      gammafunk_temple_overflow_wave, kennysheep_generic_room_10
D:3:      lemuel_blue_sif_altar, elyvilon_altar_4, first_bread, uniq_terence
D:4:      marbit_many_paths, temple_green
D:5:      kennysheep_little_box, uniq_edmund
D:6:      nemelex_xobeh_ov_fountains_minmay
D:7:      nicolae_gozag_cash_rules_everything_around_me,
          grunt_temple_overflow_open, grunt_ogre_cave
D:8:      fiery_altar_vehumet, david_lair_shrubbed, special_room, serial_shops,
          shop
D:9:      orc_0_dummy, basic_altar, serial_shops, shop, minivault_23

Skill      XL: |  1  2  3  4  5  6 |
---------------+-------------------+-----
Long Blades    | 3 4 5 |  5.4
Dodging        | 3 4 |  4.7
Armour         | 2 3 |  3.1
Fighting       | 3 |  3.8

Action                   |  1- 3 |  4- 6 |  7- 9 || total
-------------------------+-------+-------+-------++-------
Melee: Falchion          |    63 |    13 |       ||    76
       Long sword        |       |   126 |    18 ||   144
Invok: Berserk           |     4 |     2 |     2 ||     8
       Trog's Hand       |       |     4 |     1 ||     5
  Use: Potion            |       |     5 |     1 ||     6
       Scroll            |       |     1 |     1 ||     2
  Eat: Chunk             |     2 |     4 |       ||     6
       Bread ration      |       |     1 |       ||     1
       Royal jelly       |       |     1 |       ||     1
Armor: Plate armour      |    69 |   124 |    13 ||   206
       Skin              |       |    16 |     2 ||    18
Dodge: Dodged            |    18 |    47 |     4 ||    69
